 Dungeon Crawl Stone Soup version 0.30-a0-591-g3c58d2bc28 (webtiles) character file.

Game seed: 3250878606241336532

2387 purpskrrrp the Destroyer (level 9, -4/57 HPs)
             Began as a Demonspawn Conjurer on Jan 6, 2023.
             Was an Initiate of Gozag.
             Slain by an orc warrior
             ... wielding a +0 broad axe
              (14 damage)
             ... in a bailey.
             The game lasted 00:12:40 (7577 turns).

purpskrrrp the Destroyer (Demonspawn Conjurer)      Turns: 7577, Time: 00:12:40

Health: -4/57      AC: 16    Str:  8    XL:     9   Next: 22%
Magic:  3/17       EV: 19    Int: 21    God:    Gozag
Gold:   740        SH:  0    Dex: 14    Spells: 13/18 levels left

rFire   . . .      SeeInvis .    c - +0 long sword
rCold   . . .      Faith    .    (no shield)
rNeg    . . .      Spirit   .    a - +0 robe
rPois   .          Reflect  .    (helmet restricted)
rElec   .          Harm     .    r - +1 cloak
rCorr   .          Rampage  +    u - +2 pair of gloves
Will    .....                    F - +2 pair of boots of Toothy Amelioration {Rampage}
Stlth   ++                       l - amulet of the acrobat
HPRegen 0.29/turn                p - +5 ring of evasion
MPRegen 0.15/turn                (no ring)

@: lethally poisoned (-4 -> -10), sanguine armoured, slowed, studying Earth
Magic, very slow
A: horns 1, spiny 2, sanguine armour 1
a: Renounce Religion, Potion Petition, Call Merchant, Bribe Branch


You were in a bailey.
You worshipped Gozag.
Gozag was pleased with you.
You visited 2 branches of the dungeon, and saw 8 of its levels.
You also visited: Bailey.

You collected 954 gold pieces.
You spent 90 gold pieces at shops.
You paid 124 gold pieces to Gozag.

Inventory:

Hand Weapons
 c - a +0 long sword (weapon)
Armour
 a - a +0 robe (worn)
 n - a +0 pair of gloves
 r - a +1 cloak (worn)
 u - a +2 pair of gloves (worn)
 F - the +2 pair of boots of Toothy Amelioration (worn) {Rampage}
   (You found it on level 7 of the Dungeon)

   Rampage:   It bestows one free step when moving towards enemies.
Jewellery
 l - an amulet of the acrobat (around neck)
 p - a +5 ring of evasion (left hand)
 v - a +6 ring of strength
Wands
 t - a wand of charming (4)
 B - a wand of iceblast (7)
 C - a wand of flame (22)
Scrolls
 e - 4 scrolls of teleportation
 i - a scroll of enchant weapon {unknown}
 w - 5 scrolls of identify
 y - a scroll of brand weapon {unknown}
 A - 2 scrolls of fear {unknown}
 D - a scroll of fog {unknown}
 E - a scroll of silence {unknown}
 G - a scroll of vulnerability {unknown}
Potions
 d - a potion of mutation {unknown}
 f - 3 potions of brilliance
 g - a potion of degeneration {unknown}
 j - 2 potions of flight {unknown}
 k - 2 potions of ambrosia
 m - 2 potions of cancellation
 o - a potion of might {unknown}
 s - a potion of attraction {unknown}
 x - a potion of haste {unknown}
 z - a potion of heal wounds {unknown}


   Skills:
 + Level 5.3 Dodging
 - Level 1.7 Stealth
 + Level 5.4 Spellcasting
 * Level 9.0 Conjurations
 * Level 6.8 Earth Magic


You had 13 spell levels left.
You knew the following spells:

 Your Spells              Type           Power      Damage    Failure   Level
a - Magic Dart            Conj           100%       1d8       1%          1
b - Fulminant Prism       Conj/Hex       12%        3d8       16%         4

Your spell library contained the following spells:

 Spells                   Type           Power      Damage    Failure   Level
 Shock                    Conj/Air       96%        1d9       1%          1
 Searing Ray              Conj           86%        2d7       1%          2
 Dazzling Flash           Conj/Hex       48%        N/A       4%          3
 Mephitic Cloud           Conj/Pois/Air  18%        N/A       9%          3
 Cigotuvi's Dreadful Rot  Necr/Pois/Air  10%        N/A       16%         2
 Poisonous Vapours        Pois/Air       10%        N/A       16%         2
 Iskenderun's Mystic Bla  Conj/Tloc      24%        2d7       16%         4
 Swiftness                Air            5%         N/A       30%         3
 Airstrike                Air            2%         2d(1-17)  71%         4


Dungeon Overview and Level Annotations

Branches:
Dungeon (7/15)             Temple (1/1) D:6          Bailey (1/1)

Altars:
Cheibriados
Dithmenos
Fedhas
Gozag
Hepliaklqana
Kikubaaqudgha
Makhleb
Nemelex Xobeh
Okawaru
Qazlal
Ru
Trog
Uskayaw
Wu Jian


Innate Abilities, Weirdness & Mutations

You have a pair of small horns on your head.
You are mostly covered in sharp spines.
When seriously injured, your blood forms armour. (AC +6)


Message History

The orc warrior is almost dead.
The orc warrior hits you with a +0 broad axe.
The kobold brigand is distracted by your dazzling golden aura.
The orc warrior hits you but does no damage.
You miss the orc warrior. Your headbutt misses the orc warrior.
The orc warrior is almost dead.
The kobold brigand is no longer distracted by gold.
The orc warrior is struck by your spines.
You kill the orc warrior!
Your Conjurations skill increases to level 9!
You barely miss the orc warrior. Your headbutt misses the orc warrior.
The orc warrior hits you but does no damage.
The kobold brigand is distracted by your dazzling golden aura.
The orc warrior is distracted by your dazzling golden aura.
The kobold brigand shouts!
The orc warrior shouts!
You hit the orc warrior.
The orc warrior is no longer distracted by gold.
The orc warrior is lightly wounded.
The kobold brigand is no longer distracted by gold.
The orc warrior closely misses you.
You barely miss the orc warrior.
The orc warrior is lightly wounded.
The kobold brigand throws a curare-tipped dart.
The curare-tipped dart barely misses you.
The orc warrior barely misses you.
The kobold brigand throws a curare-tipped dart.
The curare-tipped dart hits you.
You are poisoned.
You have difficulty breathing.
* * * LOW HITPOINT WARNING * * *
You feel yourself slow down.
You closely miss the orc warrior.
The orc warrior is lightly wounded.
* * * LOW HITPOINT WARNING * * *
You feel very sick.
An orc warrior comes into view. It is wielding a +0 war axe.
The orc warrior is struck by your spines.
The orc warrior hits you with a +0 broad axe!
You die...
Your body crumbles into a pile of gold.

..o .. ###K###
##...o.## #°°.8K..#
#○§°..!∩# #..§..#
####○o'####
##○§☼§☼K§@○##
####~§°§○.☼o§§§##
....~○§☼☼☼§§.~☼.☼§.
#.###~§§§☼○☼§§~§###.#
#....~~§§°☼§.☼○°§..
#.###~○☼°○○°°°§°###
#....~○§☼§°○☼☼§○°.
#.###~°○§§○○§§☼○###
....~~.......~~..


You could see 2 orc warriors and a kobold brigand.

Vanquished Creatures
  4 orc warriors (Bailey)
  A black bear (D:5)
  3 centaurs
  4 kobold brigands (Bailey)
  2 bullfrogs
  2 necrophages
  2 scorpions (D:6)
  4 wights (D:6)
  4 hounds
  3 orc priests
  2 orc wizards (D:6)
  Natasha (twice) (D:2)
  8 iguanas
  Ijyb (D:5)
  Robin (D:2)
  8 gnolls
  7 adders
  A shadow imp (D:6)
  2 dart slugs (D:1)
  2 worms (D:4)
  16 orcs
  5 bats
  9 endoplasms
  4 giant cockroaches
  20 goblins
  10 hobgoblins
  3 jackals (D:1)
  A quokka (D:2)
  4 ball pythons
  13 frilled lizards
  12 kobolds
  2 rats
  A spectral orc (D:6)
163 creatures vanquished.

Vanquished Creatures (others)
  A goblin (D:2)
  4 fulminant prisms (Bailey)
  5 plants (D:6)
10 creatures vanquished.

Grand Total: 173 creatures vanquished

Notes
Turn   | Place    | Note
-------+----------+-------------------------------------------
     0 | D:1      | purpskrrrp the Demonspawn Conjurer began the quest for the
                  | Orb.
     0 | D:1      | Reached XP level 1. HP: 13/13 MP: 3/3
    85 | D:1      | Gained mutation: You are partially covered in sharp spines.
                  | [demonic ancestry]
    85 | D:1      | Reached XP level 2. HP: 13/19 MP: 0/5
   672 | D:1      | Gained mutation: When seriously injured, your blood forms
                  | armour. (AC +6) [demonic ancestry]
   672 | D:1      | Reached XP level 3. HP: 24/24 MP: 4/6
  1146 | D:2      | Noticed Robin
  1324 | D:2      | Killed Robin
  1527 | D:2      | Reached XP level 4. HP: 30/30 MP: 4/7
  1904 | D:2      | Noticed Natasha
  1908 | D:2      | Killed Natasha
  1909 | D:2      | Reached skill level 5 in Conjurations
  2075 | D:2      | Noticed Natasha
  2080 | D:2      | Killed Natasha
  2758 | D:3      | Gained mutation: You are mostly covered in sharp spines.
                  | [demonic ancestry]
  2758 | D:3      | Reached XP level 5. HP: 35/35 MP: 7/9
  3448 | D:4      | Noticed a centaur
  3449 | D:4      | Noticed a centaur
  3471 | D:4      | Killed a centaur
  3478 | D:4      | Killed a centaur
  3479 | D:4      | Reached skill level 6 in Conjurations
  3479 | D:4      | Gained mutation: You have a pair of small horns on your
                  | head. [demonic ancestry]
  3479 | D:4      | Reached XP level 6. HP: 9/41 MP: 7/11
  4116 | D:4      | Found a blossoming altar of Fedhas.
  4503 | D:4      | Reached XP level 7. HP: 42/46 MP: 7/12
  4707 | D:5      | Entered Level 5 of the Dungeon
  4782 | D:5      | Found a burning altar of Makhleb.
  4786 | D:5      | Reached skill level 7 in Conjurations
  4938 | D:5      | Noticed Ijyb
  4952 | D:5      | Killed Ijyb
  5105 | D:5      | Found a hide-covered altar of Uskayaw.
  5204 | D:5      | Found a stormy altar of Qazlal.
  5362 | D:5      | Reached skill level 1 in Earth Magic
  5473 | D:5      | Found a sparkling altar of Nemelex Xobeh.
  5562 | D:6      | Found an ancient bone altar of Kikubaaqudgha.
  5918 | D:6      | Reached XP level 8. HP: 52/52 MP: 9/14
  6082 | D:6      | Reached skill level 8 in Conjurations
  6424 | D:6      | Found Zin's Purification Station.
  6432 | D:6      | Bought a potion of curing for 90 gold pieces
  6454 | D:6      | Found a shadowy altar of Dithmenos.
  6627 | D:6      | Found a staircase to the Ecumenical Temple.
  6663 | D:6      | Found a hazy altar of Hepliaklqana.
  6666 | D:6      | Reached skill level 5 in Spellcasting
  6740 | D:6      | Found a sacrificial altar of Ru.
  6745 | D:6      | Reached skill level 5 in Earth Magic
  6822 | Temple   | Entered the Ecumenical Temple
  6951 | Temple   | Became a worshipper of Gozag Ym Sagoz the Greedy
  6999 | D:7      | Identified the +2 pair of boots of Toothy Amelioration
                  | {Rampage}
  7265 | D:7      | Found a flagged portal.
  7287 | Bailey   | Entered a bailey
  7313 | Bailey   | Learned a level 4 spell: Fulminant Prism
  7336 | Bailey   | Reached skill level 5 in Dodging
  7565 | Bailey   | Reached XP level 9. HP: 15/57 MP: 0/16
  7574 | Bailey   | Reached skill level 9 in Conjurations
  7577 | Bailey   | Slain by an orc warrior

Illustrated notes

Levels and vault maps discovered:
D:1:      saegor_arrival_simple_d, layout_basic, chequers_garden,
          amcnicky_mini_pool_small
D:2:      layout_basic, hangedman_decor_push, uniq_robin, uniq_natasha
D:3:      layout_loops_corners
D:4:      layout_basic, mainiacjoe_overflow_chevrons,
          cheibrodos_sewer_entry_bend, minmay_manual_mares
D:5:      layout_rooms, nemelex_diamond_rough_becter, makhleb_heckhound_becter,
          lemuel_crystal_altar, mainiacjoe_overflow_six_doors_small,
          grunt_decor_fettered, uniq_ijyb
D:6:      layout_cave_pools, marbit_many_paths, zin_purify,
          nicolae_dithmenos_shadow_blocks, mainiacjoe_overflow_alcove_4,
          nicolae_hepliaklqana_monster_ancestors,
          minmay_temple_entry_drinking_statues, minmay_lizard_king
D:7:      layout_gridville, kennysheep_little_box,
          lightli_bailey_entry_fortress, nicolae_hexahallways,
          minmay_stone_trees_large
Temple:   nicolae_temple_two_arcs
Bailey:   bailey_axe_3, bailey

Skill      XL: |  1  2  3  4  5  6  7  8  9 |
---------------+----------------------------+-----
Dodging        | 2 3 4 5 |  5.3
Conjurations   | 5 6 7 8 9 |  9.0
Spellcasting   | 3 4 5 |  5.4
Earth Magic    | 2 6 |  6.8
Stealth        | |  1.7

Action                   |  1- 3 |  4- 6 |  7- 9 || total
-------------------------+-------+-------+-------++-------
Melee: Long sword        |    29 |    24 |    77 ||   130
       Headbutt          |       |       |    17 ||    17
       Punch             |       |       |     2 ||     2
 Cast: Magic Dart        |    54 |    95 |   191 ||   340
       Fulminant Prism   |       |       |     4 ||     4
  Use: Scroll            |     2 |     6 |     1 ||     9
       Potion            |       |       |     5 ||     5
 Stab: Distracted        |     1 |       |       ||     1
Armor: Robe              |     9 |     5 |    21 ||    35
Dodge: Dodged            |    29 |    35 |   124 ||   188

Table legend: (Time is in decaauts)
 A = Elapsed time spent in this place.
 B = Non-inter-level travel time spent in this place.
 C = Inter-level travel time spent in this place.
 D = Time resting spent in this place.
 E = Time spent auto-exploring this place.
 F = Levels seen in this place.
 G = Mean time per level.
                   A        B        C        D        E       F      G
               +--------+--------+--------+--------+--------+-----+--------+
         Total |   7664 |   7403 |    261 |    702 |   5658 |   9 |  851.6 |
       Dungeon |   7218 |   6966 |    252 |    608 |   5440 |   7 | 1031.1 |
        Temple |    139 |    130 |      9 |      0 |    107 |   1 |  139.0 |
        Bailey |    305 |    305 |      0 |     94 |    111 |   1 |  305.0 |
               +--------+--------+--------+--------+--------+-----+--------+

Top non-repeatable levels by time:
     D:6: 1361 daAuts
     D:4: 1340 daAuts
     D:1: 1262 daAuts
     D:3: 1141 daAuts
     D:2: 999 daAuts
     D:5: 801 daAuts
     D:7: 312 daAuts
  Bailey: 305 daAuts
  Temple: 139 daAuts
